 Dungeon Crawl Stone Soup version 0.27-a0-1217-g8a41f320e8 (webtiles) character file.

Game seed: 8335490437962128873

65 quinnr the Magician (level 4, 0/31 HPs)
             Began as a Djinni Air Elementalist on June 5, 2021.
             Slain by a goblin
             ... wielding a +0 club
             ... led by Robin
              (2 damage)
             ... on level 2 of the Dungeon.
             The game lasted 00:04:32 (1496 turns).

quinnr the Magician (Djinni Air Elementalist)       Turns: 1496, Time: 00:04:32

Health: 0/31       AC:  3    Str:  7    XL:     4   Next: 34%
Gold:   58         EV: 12    Int: 18    God:
                   SH:  0    Dex: 13

rFire    + + .     SeeInvis .   (no weapon)
rCold    x . .     Faith    .   (no shield)
rNeg     . . .     Spirit   .   a - +0 robe
rPois    ∞         Reflect  .   (no helmet)
rElec    .         Harm     .   f - +0 cloak
rCorr    .         Rampage  .   (no gloves)
Will     .....                  (boots unavailable)
Stlth    ++........             (no amulet)
HPRegen  0.10/turn              (no ring)
MPRegen  0.00/turn              (no ring)

@: flying
A: sickness immunity, fire resistance 2, cold vulnerability 1, float, innate
caster, hp casting, extra vitality 1
a: no special abilities


You were on level 2 of the Dungeon.
You visited 1 branch of the dungeon, and saw 2 of its levels.

You collected 58 gold pieces.

Inventory:

Missiles
 e - 84 stones
 g - 2 silver javelins
Armour
 a - a +0 robe (worn)
 f - a +0 cloak (worn)
Scrolls
 b - a scroll of enchant weapon {unknown}
 d - a scroll of fog {unknown}
 h - a scroll of teleportation {unknown}
Potions
 c - a potion of curing {unknown}


   Skills:
 - Level 2.1 Dodging
 - Level 1.5 Stealth
 + Level 3.8 Spellcasting


You couldn't memorise any spells.
You knew the following spells:

 Your Spells              Type           Power      Damage    Failure   Level
a - Shock                 Conj/Air       68%        1d7       3%          1
b - Static Discharge      Conj/Air       17%        N/A       4%          2
c - Swiftness             Air            17%        N/A       10%         3
d - Airstrike             Air            8%         N/A       30%         4
e - Lightning Bolt        Conj/Air       8%         1d21      65%         5
f - Magic Dart            Conj           68%        1d6       3%          1
Your spell library was empty.

Dungeon Overview and Level Annotations

Branches:
Dungeon (2/15)

Altars:


Innate Abilities, Weirdness & Mutations

You are immune to sickness and miasma.
You are immune to poison.
Your flesh is very heat resistant. (rF++)
You are vulnerable to cold. (rC-)
You float through the air rather than walking.
You learn spells naturally, not from books.
Your magical power is your life essence.
You have superior vitality. (+4 HP)


Message History

You kill the hobgoblin!
* * * LOW HITPOINT WARNING * * *
The bat hits you but does no damage.
Aiming: Shock (safe; 3% risk of failure)
Press: ? - help, Q - select action, (/) - cycle Shift-Dir - straight line The zap hits the goblin.
You kill the goblin!
* * * LOW HITPOINT WARNING * * *
The bat hits you but does no damage.
Aiming: Shock (safe; 3% risk of failure)
Press: ? - help, Q - select action, (/) - cycle Shift-Dir - straight line The zap hits the bat.
The bat is severely wounded.
The zap hits the bat.
You kill the bat!
* * * LOW HITPOINT WARNING * * *
The goblin no longer looks unusually strong.
The hobgoblin no longer looks unusually strong.
Aiming: Shock (safe; 3% risk of failure)
Press: ? - help, Q - select action, (/) - cycle Shift-Dir - straight line, f - goblin
Aim: a goblin, wielding a +0 club (64% to hit)
The zap misses the goblin.
The zap hits the hobgoblin.
You kill the hobgoblin!
* * * LOW HITPOINT WARNING * * *
Aiming: Shock (safe; 3% risk of failure)
Press: ? - help, Q - select action, (/) - cycle Shift-Dir - straight line, f/p - goblin
Aim: a goblin, wielding a +0 club (64% to hit)
The zap hits the goblin.
The goblin is moderately wounded.
* * * LOW HITPOINT WARNING * * *
The goblin hits you with a +0 club.
* * * LOW HITPOINT WARNING * * *
Aiming: Shock (safe; 3% risk of failure)
Press: ? - help, Q - select action, (/) - cycle Shift-Dir - straight line, f/p - goblin
Aim: a goblin, wielding a +0 club (moderately wounded, 64% to hit)
The zap hits the goblin.
The goblin is severely wounded.
* * * LOW HITPOINT WARNING * * *
The goblin hits you with a +0 club.
You die...

#. #. ### #######. ..#
#.<).÷.) #.# #.##....
#.# #####.##.##.
#########.###....)......
...............<..##.#..
###.##@#.###.######.#..
##.##g#.# #.# #.#.#
##...#.#.# #.# #.#.#
##......#.# #.# #.#.#
#......†#.# #.# #.#.#
..........# #.. ..#.#
#.......### #.# #.#
##......# #.# #.#
##...#.# #.#


You could see a goblin.

Vanquished Creatures
  Robin (D:2)
  An adder (D:2)
  A dart slug (D:1)
  6 endoplasms
  6 goblins
  7 hobgoblins
  2 jackals (D:1)
  A quokka (D:1)
  2 ball pythons (D:1)
  A bat (D:2)
  5 kobolds
  3 rats
36 creatures vanquished.

Notes
Turn   | Place    | Note
-------+----------+-------------------------------------------
     0 | D:1      | quinnr the Djinni Air Elementalist began the quest for the
                  | Orb.
     0 | D:1      | Reached XP level 1. HP: 15/15 MP: 0/0
     2 | D:1      | quinnr: airstrike??
     2 | D:1      | beem: L4 Air single target attack spell that's {smite
                  | targeted}. Damage scales with number of open tiles around
                  | target, namely 4 + n + ((n-2)d(2+pow/7))/(n-2), where n is
                  | max(3, number of empty tiles around the target). Checks AC.
                  | Can't damage an {air elemental}.
   329 | D:1      | Reached XP level 2. HP: 10/21 MP: 0/0
   488 | D:1      | Found a faded altar of an unknown god.
   619 | D:1      | Reached skill level 3 in Spellcasting
  1168 | D:2      | Reached XP level 3. HP: 23/25 MP: 0/0
  1168 | D:2      | Learned a level 1 spell: Magic Dart
  1475 | D:2      | Noticed Robin
  1480 | D:2      | Killed Robin
  1481 | D:2      | Reached XP level 4. HP: 8/31 MP: 0/0
  1495 | D:2      | HP: 3/31 [goblin/+0 club[Robin] (2)]
  1496 | D:2      | Slain by a goblin

Illustrated notes

Levels and vault maps discovered:
D:1:      scummos_arrival_simple_crosswalls, layout_rooms,
          hellmonk_ecumenical_altar_run_dry
D:2:      layout_loops_ring, st_stairs_1, uniq_robin

Skill      XL: |  1  2 |
---------------+-------+-----
Spellcasting   | 3 |  3.8
Dodging        | |  2.1
Stealth        | |  1.5

Action                   |  1- 3 |  4- 6 || total
-------------------------+-------+-------++-------
 Cast: Shock             |    47 |     6 ||    53
       Static Discharge  |     4 |       ||     4
Armor: Robe              |       |     2 ||     2
Dodge: Dodged            |     4 |       ||     4

Table legend: (Time is in decaauts)
 A = Elapsed time spent in this place.
 B = Non-inter-level travel time spent in this place.
 C = Inter-level travel time spent in this place.
 D = Time resting spent in this place.
 E = Time spent auto-exploring this place.
 F = Levels seen in this place.
 G = Mean time per level.
                   A        B        C        D        E       F      G
               +--------+--------+--------+--------+--------+-----+--------+
         Total |   1495 |   1451 |     44 |    536 |    750 |   2 |  747.5 |
       Dungeon |   1495 |   1451 |     44 |    536 |    750 |   2 |  747.5 |
               +--------+--------+--------+--------+--------+-----+--------+

Top non-repeatable levels by time:
     D:1: 1166 daAuts
     D:2: 329 daAuts
